 Dungeon Crawl Stone Soup version 0.29.1-15-g9cfb28693d (webtiles) character file.

Game seed: 12200389901609477116

2032 Heoruswealwe the Thaumaturge (level 9, -2/45 HPs)
             Began as a Deep Elf Summoner on Feb 22, 2023.
             Was an Initiate of Sif Muna.
             Shot with an arrow by a centaur (9 damage)
             ... on level 7 of the Dungeon.
             The game lasted 01:05:44 (6570 turns).

Heoruswealwe the Thaumaturge (Deep Elf Summoner)    Turns: 6570, Time: 01:05:45

Health: -2/45      AC:  7    Str:  5      XL:     9   Next: 3%
Magic:  26/26      EV: 12    Int: 25      God:    Sif Muna [......]
Gold:   386        SH:  0    Dex: 14 (15) Spells: 19/30 levels left

rFire   . . .      SeeInvis .   k - +1 short sword
rCold   . . .      Faith    .   (no shield)
rNeg    . . .      Spirit   .   o - +0 robe
rPois   .          Reflect  .   (no helmet)
rElec   .          Harm     .   E - +0 cloak
rCorr   .          Rampage  .   (no gloves)
Will    .....                   c - +1 pair of boots
Stlth   ++........              (no amulet)
HPRegen 0.15/turn               (no ring)
MPRegen 0.20/turn               (no ring)

@: no status effects
A: iridescent scales 1, screaming 1
a: Renounce Religion


You were on level 7 of the Dungeon.
You worshipped Sif Muna.
Sif Muna was noncommittal.
You visited 1 branch of the dungeon, and saw 7 of its levels.

You collected 386 gold pieces.

Inventory:

Hand Weapons
 d - a +0 mace
 k - a +1 short sword (weapon)
 n - a +0 scythe
 s - a +0 flail
 z - a +0 sling
 F - a +1 dagger of pain
 J - a +0 flail of holy wrath
 K - a +0 giant club
 M - a +0 war axe
 N - a +1 dagger of draining
 R - a +0 flail of protection
 S - a +4 quarterstaff of chaos
 U - a +0 hammer
Missiles
 f - 68 stones
 i - 10 poisoned darts
 w - 4 silver javelins
 L - 2 boomerangs
Armour
 a - a +0 robe
 c - a +1 pair of boots (worn)
 h - the +2 scale mail "Ihiheoj" {Regen+}
   (You took it off an orc on level 5 of the Dungeon)

   Regen:     It increases your rate of health regeneration.
 j - a +0 robe
 l - a +0 robe
 o - a +0 robe (worn)
 u - a +0 robe
 v - the +2 leather armour "Mon Xoum" {Harm rElec Int-2}
   (You found it on level 2 of the Dungeon)

   Int:       It affects your intelligence (-2).
   rElec:     It insulates you from electricity.
   Harm:      It increases damage dealt and taken.
 x - a +0 robe
 y - a +0 pair of boots
 A - a +0 robe
 D - a +0 robe
 E - a +0 cloak (worn)
 G - a +0 robe
 T - a +0 cloak
 W - a +1 ring mail of cold resistance
Wands
 q - a wand of flame (11)
 O - a wand of roots (4)
 X - a wand of polymorph (8)
Scrolls
 e - a scroll of noise
 r - 3 scrolls of fear
 H - 2 scrolls of teleportation
 I - 2 scrolls of butterflies
Potions
 b - a potion of magic
 g - a potion of curing
 m - a potion of might {unknown}
 p - 4 potions of berserk rage
 t - 3 potions of heal wounds
 B - a potion of invisibility {unknown}
Miscellaneous
 C - a phantom mirror


   Skills:
 - Level 2.4 Dodging
 - Level 2.4 Stealth
 + Level 11.3 Spellcasting
 + Level 10.2 Summonings


You had 19 spell levels left.
You knew the following spells:

 Your Spells              Type           Power      Damage    Failure   Level
a - Summon Small Mammal   Summ           100%       N/A       1%          1
b - Call Canine Familiar  Summ           60%        N/A       1%          3
c - Summon Guardian Gole  Hex/Summ       39%        N/A       1%          3
d - Summon Lightning Spi  Summ/Air       39%        N/A       5%          4

Your spell library contained the following spells:

 Spells                   Type           Power      Damage    Failure   Level
 Call Imp                 Summ           60%        N/A       1%          2


Dungeon Overview and Level Annotations

Branches:
Dungeon (7/15)
 Temple: D:4-7

Altars:
Gozag
Ru
Sif Muna
Uskayaw
Zin

Shops:
D:7 :


Innate Abilities, Weirdness & Mutations

You are partially covered in iridescent scales. (AC +2)
You occasionally shout uncontrollably at your foes.


Message History

The bullfrog croaks.
An iguana comes into view.
Your warg bites the bullfrog!
Your warg bites the bullfrog!
The bullfrog hits you but does no damage.
You closely miss the bullfrog.
The bullfrog is severely wounded.
Your warg closely misses the bullfrog.
The bullfrog barely misses you.
Your warg bites the bullfrog!
The bullfrog dies!
Sif Muna accepts your kill.
You feel your dexterity returning.
You have reached level 9!
Your experience leads to an increase in your attributes!
Your base attributes are Str 5, Int 23, Dex 15.
Increase (S)trength, (I)ntelligence, or (D)exterity?
You feel clever. x2
The iguana bites your warg.
Your warg bites the iguana but does no damage.
The iguana misses your warg.
Your warg barely misses the iguana.
Your warg bites the iguana.
The iguana bites your warg.
Your warg bites the iguana!
The iguana barely misses your warg.
Your warg bites the iguana!
The iguana dies!
Sif Muna accepts your kill.
You swap places.
Found Dajibol's Book Emporium.
There is an open door here.
Your warg disappears in a puff of smoke!
The gnoll sergeant shouts!
You hear a shout!
You hear two shouts!
A two-headed ogre comes into view. It is wielding two +0 giant clubs.
You yell at the two-headed ogre!
The centaur shouts!
You hear a shout! x3
The centaur shoots an arrow.
The arrow hits you!
* * * LOW HITPOINT WARNING * * *
The centaur shoots an arrow.
The arrow hits you.
* * * LOW HITPOINT WARNING * * *
The centaur shoots an arrow.
The arrow closely misses you.
The centaur shoots an arrow.
The arrow hits you!
You die...

#.....#### ###.. ......
#.....#### ###..# ##...Y..
#.....+..#S≈# ..#######... #.
#...†.#..#≈≈# #.....#...#####.
#.....#..######...............
##....#.....##.......<.......#
#.....#.....###....#..##....##
#.....##'#####....c..)###....#
#............@...O..####..z..g
.......#######..∩.####g.##..####.
#.##.### ##...# =....<## #. # ##
##### #.O#g.## ## #...>.# .#.....
.?.gg ### . ###. .


You could see a two-headed ogre, a centaur and a gnoll.

Vanquished Creatures
  2 adders
  A ball python (D:2)
  An endoplasm (D:1)
  2 giant cockroaches (D:1)
  2 hobgoblins (D:1)
  2 bats
  A frilled lizard (D:1)
  A goblin (D:2)
  A rat (D:3)
13 creatures vanquished.

Vanquished Creatures (collateral kills)
  Grinder (D:4)
  Sigmund (D:2)
  The ghost of Peloso the Covered, an amateur MiFi (D:3)
  Edmund (D:4)
  2 black bears (D:5)
  Duvessa (D:5)
  An ogre (D:4)
  A centaur (D:5)
  A phantom (D:4)
  A kobold brigand (D:5)
  A bullfrog (D:7)
  A necrophage (D:5)
  Dowan (D:5)
  The ghost of P0WERM0DE the Caller, a weakling DsSu (D:3)
  2 howler monkeys (D:6)
  4 jellies
  The ghost of ripuliukko the Digger, a weakling GrEE (D:3)
  The ghost of Descartes the Ducker, a weakling FeMo (D:3)
  Crazy Yiuf (D:3)
  A gnoll bouda (D:5)
  3 iguanas
  6 gnolls
  4 adders
  A white imp (D:5)
  2 ufetubi
  2 worms
  2 dart slugs
  5 orcs (D:5)
  6 endoplasms
  A giant cockroach (D:2)
  9 goblins
  7 hobgoblins
  5 quokkas
  5 ball pythons
  2 bats
  11 frilled lizards
  8 kobolds
  4 rats
108 creatures vanquished.

Vanquished Creatures (others)
  19 plants
  2 withered plants (D:3)
21 creatures vanquished.

Grand Total: 142 creatures vanquished

Notes
Turn   | Place    | Note
-------+----------+-------------------------------------------
     0 | D:1      | Heoruswealwe the Deep Elf Summoner began the quest for the
                  | Orb.
     0 | D:1      | Reached XP level 1. HP: 10/10 MP: 6/6
   295 | D:1      | Reached XP level 2. HP: 15/15 MP: 4/8
   599 | D:1      | Reached skill level 4 in Spellcasting
  1279 | D:2      | Reached skill level 5 in Summonings
  1279 | D:2      | Reached XP level 3. HP: 19/19 MP: 7/10
  1456 | D:2      | Noticed Sigmund
  1828 | D:1      | Learned a level 3 spell: Call Canine Familiar
  1848 | D:2      | Killed Sigmund
  1849 | D:2      | Reached skill level 5 in Spellcasting
  1849 | D:2      | Reached XP level 4. HP: 24/24 MP: 6/13
  1849 | D:2      | Reached XP level 5. HP: 28/28 MP: 6/15
  2002 | D:2      | Identified the +2 leather armour "Mon Xoum" {Harm rElec
                  | Int-2}
  2038 | D:2      | Reached skill level 6 in Spellcasting
  2596 | D:3      | Found a sacrificial altar of Ru.
  2853 | D:3      | Found a runed translucent gate.
  2855 | D:3      | Found a runed translucent gate.
  2855 | D:3      | Found a runed translucent gate.
  2860 | D:3      | Noticed Descartes's ghost (weakling FeMo)
  2860 | D:3      | Noticed Peloso's ghost (amateur MiFi)
  2862 | D:3      | Noticed ripuliukko's ghost (weakling GrEE)
  2862 | D:3      | Noticed P0WERM0DE's ghost (weakling DsSu)
  2934 | D:3      | Killed P0WERM0DE's ghost
  2935 | D:3      | Reached XP level 6. HP: 22/32 MP: 3/17
  2942 | D:3      | Killed Peloso's ghost
  2943 | D:3      | Reached skill level 7 in Spellcasting
  2950 | D:3      | Killed Descartes's ghost
  2950 | D:3      | Killed ripuliukko's ghost
  3487 | D:3      | Found a runed translucent door.
  3488 | D:3      | Noticed Crazy Yiuf
  3506 | D:3      | Killed Crazy Yiuf
  3507 | D:3      | Reached XP level 7. HP: 36/36 MP: 14/20
  3974 | D:4      | Noticed Edmund
  3994 | D:4      | Killed Edmund
  4010 | D:4      | Reached skill level 8 in Spellcasting
  4114 | D:4      | Noticed Grinder
  4120 | D:4      | Paralysed by Grinder for 4 turns
  4131 | D:4      | Killed Grinder
  4233 | D:4      | Learned a level 3 spell: Summon Guardian Golem
  4238 | D:4      | Learned a level 4 spell: Summon Lightning Spire
  4950 | D:4      | Reached skill level 9 in Spellcasting
  4961 | D:4      | Reached XP level 8. HP: 41/41 MP: 23/23
  5388 | D:5      | Entered Level 5 of the Dungeon
  5527 | D:5      | Gained mutation: You are partially covered in iridescent
                  | scales. (AC +2) [potion of mutation]
  5527 | D:5      | Gained mutation: You occasionally shout uncontrollably at
                  | your foes. [potion of mutation]
  5619 | D:5      | Found an opulent altar of Gozag.
  5637 | D:5      | Identified the +2 scale mail "Ihiheoj" {Regen+}
  5764 | D:5      | Found a shimmering blue altar of Sif Muna.
  5769 | D:5      | Became a worshipper of Sif Muna the Loreminder
  5783 | D:5      | Reached skill level 10 in Spellcasting
  5785 | D:5      | Noticed Duvessa
  5791 | D:5      | Killed Duvessa
  5798 | D:5      | Noticed Dowan
  5803 | D:5      | Killed Dowan
  5829 | D:5      | Found a glowing silver altar of Zin.
  5829 | D:5      | Found a hide-covered altar of Uskayaw.
  6297 | D:6      | Reached skill level 11 in Spellcasting
  6297 | D:6      | Reached skill level 10 in Summonings
  6539 | D:7      | Reached XP level 9. HP: 19/45 MP: 23/26
  6553 | D:7      | Found Dajibol's Book Emporium.
  6565 | D:7      | Noticed a two-headed ogre
  6570 | D:7      | Shot with an arrow by a centaur

Illustrated notes

Levels and vault maps discovered:
D:1:      elethiomel_arrival_maze, layout_basic, minmay_lizard_king
D:2:      layout_basic, minmay_strange_pillars, uniq_sigmund
D:3:      minmay_inner_zag, layout_basic, mainiacjoe_overflow_boulevard,
          gammafunk_ghost_cemetery, uniq_crazy_yiuf_cottage
D:4:      layout_basic, uniq_edmund, uniq_grinder
D:5:      layout_loops_ring, mainiacjoe_overflow_six_doors_small,
          gammafunk_temple_overflow_elements,
          mainiacjoe_overflow_surrounded_room, serial_bayou_crossing,
          uniq_duvessa
D:6:      layout_basic, minmay_temple_entry_wispy, uniq_pikel
D:7:      cheibrodos_two_vegetables, layout_rooms, serial_aquarium,
          aquarium_bridge_long_joined [aquarium_subvault_balcony,
          aquarium_subvault_bridge, aquarium_subvault_bridge,
          aquarium_subvault_wall, aquarium_subvault_wall,
          aquarium_subvault_bridge], aquarium_window_corner,
          aquarium_window_fake, aquarium_window_2, aquarium_view_2c,
          aquarium_view_2c, aquarium_pool_corner, serial_shops, shop,
          minmay_microvault

Skill      XL: |  1  2  3  4  5  6  7  8 |
---------------+-------------------------+-----
Spellcasting   | 4 5 6 7 9 11 | 11.3
Summonings     | 5 6 7 8 10 | 10.2
Dodging        | |  2.4
Stealth        | |  2.4

Action                   |  1- 3 |  4- 6 |  7- 9 || total
-------------------------+-------+-------+-------++-------
Melee: Mace              |    29 |       |       ||    29
       Short sword       |     8 |    30 |    30 ||    68
 Cast: Summon Small Mamm |    38 |     3 |       ||    41
       Call Canine Famil |     2 |    17 |    24 ||    43
  Use: Scroll            |     4 |     6 |     2 ||    12
       Potion            |     1 |       |     4 ||     5
 Stab: Sleeping          |     3 |     1 |       ||     4
Armor: Robe              |    14 |    15 |    13 ||    42
Dodge: Dodged            |    37 |    22 |    33 ||    92
